 Dungeon Crawl Stone Soup version 0.26.0-10-g1f06aea511 (webtiles) character file.

Game seed: 16526294519943907469

355 runemasterragnar the Vandal (level 6, -1/41 HPs)
             Began as a Halfling Hunter on Jan 13, 2021.
             Slain by a wyvern zombie (2 damage)
             ... in an ossuary.
             The game lasted 00:07:15 (3227 turns).

runemasterragnar the Vandal (Halfling Hunter)       Turns: 3227, Time: 00:07:16

Health: -1/41      AC:  6    Str: 13    XL:     6   Next: 95%
Magic:  6/6        EV: 12    Int:  9    God:
Gold:   118        SH:  9    Dex: 17    Spells: 4/5 levels left

rFire    . . .     SeeInvis .   a - +1 hunting sling
rCold    + . .     Faith    .   k - +1 kite shield
rNeg     . . .     Spirit   .   d - +0 leather armour {rC+}
rPois    .         Reflect  .   (no helmet)
rElec    .         Harm     .   m - +0 cloak
rCorr    .         Rampage  .   p - +0 pair of gloves
Will     .....                  n - +0 pair of boots
Stlth    ++........             (no amulet)
HPRegen  0.13/turn              s - ring of wizardry
MPRegen  0.10/turn              (no ring)

@: no status effects
A: small, mutation resistance 1
a: no special abilities


You were in an ossuary.
You visited 2 branches of the dungeon, and saw 5 of its levels.
You also visited: Ossuary.

You collected 118 gold pieces.

Inventory:

Hand Weapons
 a - a +1 hunting sling (weapon)
 b - a +0 short sword
Missiles
 f - 98 stones (quivered ammo)
 q - 8 poisoned darts
 r - 2 datura-tipped darts
 t - 3 boomerangs
Armour
 d - a +0 leather armour of cold resistance (worn)
 k - a +1 kite shield (worn)
 m - a +0 cloak (worn)
 n - a +0 pair of boots (worn)
 p - a +0 pair of gloves (worn)
Jewellery
 s - a ring of wizardry (left hand)
Scrolls
 e - 2 scrolls of teleportation
 g - a scroll of identify
 i - 2 scrolls of random uselessness
 l - 2 scrolls of remove curse
Potions
 h - a potion of attraction
 j - a potion of curing
 o - a potion of degeneration


   Skills:
 + Level 2.7 Fighting
 * Level 3.5 Short Blades
 * Level 7.6 Slings
 + Level 2.2 Armour
 + Level 3.1 Dodging
 + Level 2.6 Stealth
 + Level 0.8 Shields


You had 4 spell levels left.
You knew the following spells:

 Your Spells              Type           Power        Failure   Level
a - Apportation           Tloc           0%           77%         1

Your spell library contained the following spells:

 Spells                   Type           Power        Failure   Level
 Animate Skeleton         Necr           0%           77%         1
 Corona                   Hex            0%           77%         1
 Summon Small Mammal      Summ           0%           77%         1


Dungeon Overview and Level Annotations

Branches:
Dungeon (4/15)             Temple (1/1) D:4         Ossuary (1/1)

Altars:
Ashenzari
Cheibriados
Dithmenos
Gozag
Nemelex Xobeh
Qazlal
Ru
Sif Muna
Trog
Uskayaw
Vehumet
Xom
Yredelemnul
Zin
The Shining One

Shops:
D:4 (


Innate Abilities, Weirdness & Mutations

You are small and have problems with some larger weapons.
You are somewhat resistant to further mutation.


Message History

You feel better. You block the wyvern zombie's attack. The mummy hits you.
* * * LOW HITPOINT WARNING * * *
Fire: 2 sling bullets
Press: ? - help, Q - select action, (/) - cycle Shift-Dir - straight line, f/p - wyvern zombie
Aim: a wyvern zombie (heavily damaged)
You shoot a sling bullet.
The sling bullet barely misses the wyvern zombie.
The sling bullet hits the adder zombie!
The adder zombie is heavily damaged.
You hear a splash.
The wyvern zombie closely misses you. The mummy hits you!
* * * LOW HITPOINT WARNING * * *
Fire: sling bullet
Press: ? - help, Q - select action, (/) - cycle Shift-Dir - straight line, f/p - wyvern zombie
Aim: a wyvern zombie (heavily damaged)
You shoot a sling bullet.
The sling bullet hits the wyvern zombie.
The wyvern zombie is heavily damaged.
You block the wyvern zombie's attack. The wyvern zombie bites you.
You die...

≈' ≈# ≈ .≈
##≈ ≈##≈≈
≈≈.###
#####≈≈#≈≈##
#∩..#(((≈≈≈#
#.∩@ZZ#
#..M#.+
#####.# .+
+#


You could see a mummy, an adder zombie and a wyvern zombie.

Vanquished Creatures
  A scorpion (D:3)
  A jelly (D:4)
  A centaur skeleton (D:4)
  4 mummies (Ossuary)
  Ijyb (D:2)
  3 gnolls (D:3)
  3 adders
  2 oozes
  An adder zombie (Ossuary)
  3 worms
  3 dart slugs
  A leopard gecko (D:3)
  An orc (D:3)
  3 bats
  3 giant cockroaches
  12 goblins
  8 hobgoblins
  A quokka (D:2)
  2 ball pythons (D:3)
  6 frilled lizards
  5 kobolds
  2 kobold zombies (D:4)
  An orc zombie (D:4)
  5 rats
73 creatures vanquished.

Vanquished Creatures (others)
  3 withered plants (Ossuary)
3 creatures vanquished.

Grand Total: 76 creatures vanquished

Notes
Turn   | Place    | Note
-------+----------+-------------------------------------------
     0 | D:1      | runemasterragnar the Halfling Hunter began the quest for
                  | the Orb.
     0 | D:1      | Reached XP level 1. HP: 14/14 MP: 1/1
    56 | D:1      | Reached skill level 6 in Slings
    56 | D:1      | Reached XP level 2. HP: 19/19 MP: 2/2
    65 | D:1      | Reached skill level 1 in Short Blades
   431 | D:2      | Reached XP level 3. HP: 24/24 MP: 3/3
   688 | D:2      | Reached skill level 1 in Armour
   688 | D:2      | Reached XP level 4. HP: 26/29 MP: 4/4
   711 | D:2      | Noticed Ijyb
   723 | D:2      | Paralysed by Ijyb for 7 turns
   734 | D:2      | Paralysed by Ijyb for 7 turns
   758 | D:2      | Killed Ijyb
   955 | D:2      | Found a glowing golden altar of the Shining One.
  1121 | D:2      | Noticed an ogre
  1479 | D:3      | Reached XP level 5. HP: 34/34 MP: 5/5
  1594 | D:3      | Reached skill level 7 in Slings
  1939 | D:3      | Reached XP level 6. HP: 40/40 MP: 6/6
  2339 | D:3      | Learned a level 1 spell: Apportation
  2606 | D:4      | Found a staircase to the Ecumenical Temple.
  2629 | Temple   | Entered the Ecumenical Temple
  2726 | D:4      | Found Enaygo's Weapon Shoppe.
  2769 | D:4      | Found a hide-covered altar of Uskayaw.
  2986 | D:4      | Found a sand-covered staircase.
  2997 | Ossuary  | Entered an ossuary
  3226 | Ossuary  | HP: 1/41 [mummy (11)]
  3227 | Ossuary  | Slain by a wyvern zombie

Illustrated notes

Levels and vault maps discovered:
D:1:      dpeg_arrival_round_a, layout_rooms
D:2:      kennysheep_the_goblin_king, layout_loops_corners,
          lemuel_crystal_altar, lemuel_round_altar,
          nicolae_overflow_hidden_temple, lemuel_round_altar, tso_metal_star
D:3:      layout_loops_ring
D:4:      minmay_chambers_of_threes, layout_loops_corners,
          overflow_temple_1_default, minmay_temple_entry_overgrown,
          serial_shops, kennysheep_mini_moat, enter_ossuary_3
Temple:   cyrus_circular_temple
Ossuary:  ossuary_zaba_flooded

Skill      XL: |  1  2  3  4  5  6 |
---------------+-------------------+-----
Slings         | 6 7 |  7.6
Short Blades   | 1 2 3 |  3.5
Fighting       | 2 |  2.7
Armour         | 1 2 |  2.2
Stealth        | 2 |  2.6
Dodging        | 3 |  3.1
Shields        | |  0.8

Action                   |  1- 3 |  4- 6 || total
-------------------------+-------+-------++-------
Melee: Short sword       |     2 |    95 ||    97
 Fire: Hunting sling     |    64 |   123 ||   187
  Use: Potion            |       |     5 ||     5
       Scroll            |       |     6 ||     6
 Stab: Sleeping          |       |     2 ||     2
       Distracted        |       |     1 ||     1
       Invisible         |       |     2 ||     2
Armor: Leather armour    |     4 |    20 ||    24
Dodge: Dodged            |     4 |    56 ||    60
Block: Kite shield       |       |    13 ||    13
